 Dungeon Crawl Stone Soup version 0.30-a0-162-g2ba88f6271 (webtiles) character file.

Game seed: 12146295891360806546

58 Essalna the Trooper (level 3, -2/30 HPs)
             Began as a Demonspawn Berserker on Sept 28, 2022.
             Was a Believer of Trog.
             Slain by a gnoll
             ... wielding a +0 flail
              (7 damage)
             ... on level 2 of the Dungeon.
             The game lasted 00:04:52 (2304 turns).

Essalna the Trooper (Demonspawn Berserker)          Turns: 2304, Time: 00:04:52

Health: -2/30      AC:  3    Str: 19    XL:     3   Next: 75%
Magic:  3/3        EV: 12    Int:  8    God:    Trog [**....]
Gold:   57         SH:  0    Dex: 12    Spells: 2/2 levels left

rFire   . . .      SeeInvis .    a - +0 hand axe
rCold   . . .      Faith    .    (no shield)
rNeg    . . .      Spirit   .    b - +1 animal skin
rPois   .          Reflect  .    (no helmet)
rElec   .          Harm     .    (no cloak)
rCorr   .          Rampage  .    (no gloves)
Will    .....                    (no boots)
Stlth   +.........               (no amulet)
HPRegen 0.10/turn                (no ring)
MPRegen 0.08/turn                (no ring)

@: no status effects
A: hooves 1, weakness stinger 1
a: Renounce Religion, Berserk, Trog's Hand


You were on level 2 of the Dungeon.
You worshipped Trog.
Trog was pleased with you.
You visited 1 branch of the dungeon, and saw 2 of its levels.

You collected 57 gold pieces.

Inventory:

Hand Weapons
 a - a +0 hand axe (weapon)
Armour
 b - a +1 animal skin (worn)
Scrolls
 c - 2 scrolls of amnesia
 d - a scroll of teleportation
 g - a scroll of blinking
 j - a scroll of identify
Potions
 e - a potion of attraction {unknown}
 f - a potion of ambrosia {unknown}
 i - a potion of lignification {unknown}


   Skills:
 + Level 3.9 Fighting
 + Level 3.6 Axes
 - Level 1.7 Armour
 - Level 1.7 Dodging


You had 2 spell levels left.
You didn't know any spells.
Your spell library was empty.

Dungeon Overview and Level Annotations

Branches:
Dungeon (2/15)

Altars:
Xom

Shops:
D:2 [((:


Innate Abilities, Weirdness & Mutations

You have large cloven feet.
You have a small tail.


Message History

You see here a +0 club.
Key pressed, stopping explore.
Key pressed, stopping explore.
Found a stone staircase leading up.
Found a dagger. 2 gnolls come into view.
Found Utallych's Weapon Shop.
There are monsters nearby!
Found a scroll of noise.
The gnoll shouts!
A gnoll comes into view. It is wielding a +0 flail.
There is a stone staircase leading up here.
The gnoll shouts!
You hit the gnoll but do no damage. Your kick misses the gnoll.
Your tail-slap misses the gnoll.
The gnoll hits you with a +0 flail! The gnoll hits you with a +0 flail.
You climb upwards.
There is a stone staircase leading down here.
You hit the gnoll but do no damage. Your kick misses the gnoll.
The gnoll closely misses you.
You hit the gnoll. You kick the gnoll.
The gnoll is severely wounded.
The gnoll hits you with a +0 flail.
You hit the gnoll but do no damage. You kick the gnoll.
The gnoll is almost dead.
The gnoll closely misses you.
You slash the gnoll!
You kill the gnoll!
Trog accepts your kill.
Things that are here:
a +0 flail; a gnoll corpse
There is a stone staircase leading down, spattered with blood here.
You climb downwards.
The gnoll hits you with a +0 flail!
* * * LOW HITPOINT WARNING * * *
The gnoll hits you from afar with a +0 spear.
* * * LOW HITPOINT WARNING * * *
The gnoll closely misses you. The gnoll barely misses you.
There is a stone staircase leading up, spattered with blood here.
The gnoll hits you with a +0 flail!
You die...

##......).##...## #
#.........#..g..###
#
#.................#
#
#..........?.∩....#
#
#..........)......#
# #.........#
÷...#.# #
#.....g...##...##..
#
#.g........?...#.#
.
##.@.........#.#.#
#
#######.#####.#.###
#.# #....## #.###
#....## #...#
#.##..# ###.#
#.###(. #.# #.# ##.
### #.###.# #.
#.###..##÷#####


You could see 2 gnolls.

Vanquished Creatures
  A gnoll (D:1)
  4 dart slugs
  6 ball pythons (D:1)
  2 bats
  4 endoplasms
  A giant cockroach (D:1)
  3 goblins
  8 hobgoblins
  2 frilled lizards
  5 kobolds
  3 rats
39 creatures vanquished.

Notes
Turn   | Place    | Note
-------+----------+-------------------------------------------
     0 | D:1      | Essalna the Demonspawn Berserker began the quest for the
                  | Orb.
     0 | D:1      | Reached XP level 1. HP: 18/18 MP: 1/1
   234 | D:1      | Discovered your monstrous ancestry.
   234 | D:1      | Gained mutation: You have large cloven feet. [demonic
                  | ancestry]
   234 | D:1      | Reached XP level 2. HP: 10/24 MP: 2/2
   523 | D:1      | Found a shimmering altar of Xom.
   920 | D:1      | Found a faded altar of an unknown god.
  1086 | D:1      | Gained mutation: You have a small tail. [demonic ancestry]
  1086 | D:1      | Reached XP level 3. HP: 28/29 MP: 3/3
  1462 | D:2      | Found Odghet's Book Shop.
  1480 | D:2      | Reached ** piety under Trog
  1997 | D:2      | Found Xir Inuynn's Antique Weapon Shoppe.
  2017 | D:2      | Found Geesau's Armour Shop.
  2281 | D:2      | Found Utallych's Weapon Shop.
  2304 | D:2      | Slain by a gnoll

Illustrated notes

Levels and vault maps discovered:
D:1:      amcnicky_arrival_choice, layout_basic,
          hellmonk_ecumenical_altar_lost_god, roderic_lattice_a,
          minmay_hexomino_r4
D:2:      layout_rooms, serial_shops, shop, nicolae_shop_bloodbath_and_beyond,
          shop, nicolae_shop_competitors_out_of_business, interstate_on_off,
          serial_bayou_lake_a

Skill      XL: |  1 |
---------------+----+-----
Axes           | 3 |  3.6
Fighting       | |  3.9
Armour         | |  1.7
Dodging        | |  1.7

Action                   || total
-------------------------++-------
Melee: Hand axe          ||    99
       Kick              ||    14
       Tailslap          ||     3
  Use: Scroll            ||     6
 Stab: Sleeping          ||     2
Armor: Animal skin       ||    14
Dodge: Dodged            ||    75

Table legend: (Time is in decaauts)
 A = Elapsed time spent in this place.
 B = Non-inter-level travel time spent in this place.
 C = Inter-level travel time spent in this place.
 D = Time resting spent in this place.
 E = Time spent auto-exploring this place.
 F = Levels seen in this place.
 G = Mean time per level.
                   A        B        C        D        E       F      G
               +--------+--------+--------+--------+--------+-----+--------+
         Total |   2334 |   2317 |     17 |    195 |   1802 |   2 | 1167.0 |
       Dungeon |   2334 |   2317 |     17 |    195 |   1802 |   2 | 1167.0 |
               +--------+--------+--------+--------+--------+-----+--------+

Top non-repeatable levels by time:
     D:1: 1677 daAuts
     D:2: 657 daAuts
